Map: Fields of Death

Players

sss

  • Race: Protoss Protoss
  • League: Gold

demiportion

  • Race: Zerg Zerg
  • League: Gold

booger - Winner!

  • Race: Terran Terran

THeTiGeR - Winner!

  • Race: Zerg Zerg
  • League: Silver

VOD

Have the link to the VOD?

Description

Time

  • Played on: June 2, 2016, 1:28 p.m.
  • Length: 22:20
Show
View Real Time Build Order
Export as new Build Order

sss Protoss 

Build Orders:  

Get SALT Encoding   

  12  0:02  Probe (Chrono Boost)  
  13  0:13  Probe (Chrono Boost)  
  14  0:22  Pylon  
  14  0:24  Probe (Chrono Boost)  
  15  0:41  Probe (Chrono Boost)  
  16  0:42  Gateway  
  16  0:46  Assimilator  
  16  0:51  Probe (Chrono Boost)  
  17  1:02  Probe (Chrono Boost)  
  18  1:09  Forge  
  18  1:12  Probe (Chrono Boost)  
  19  1:23  Probe (Chrono Boost)  
  20  1:33  Cybernetics Core  
  20  1:39  Zealot (Chrono Boost)  
  22  1:42  Pylon  
  22  1:53  Probe  
  23  2:06  Assimilator, Probe  
  23  2:07  Zealot (Chrono Boost)  
  26  2:18  Probe  
  26  2:21  Photon Cannon  
  27  2:30  Mothership Core  
  27  2:36  Warp Gate (Chrono Boost)  
  29  2:37  Gateway  
  29  2:43  Pylon  
  29  2:56  Gateway  
  29  3:06  Robotics Facility  
  29  3:10  Zealot (Chrono Boost)  
  31  3:20  Pylon  
  35  3:34  Stalker (Chrono Boost)  
  35  3:42  Stalker (Chrono Boost)  
  35  3:46  Gateway  
  35  4:01  Zealot (Chrono Boost)  
  39  4:05  Zealot (Chrono Boost)  
  39  4:41  Stalker x2  
  39  4:42  Stalker x2  
  47  4:51  Pylon  
  47  4:54  Pylon  
  47  5:12  Gateway  
  47  5:14  Stalker  
  47  5:15  Stalker  
  51  5:40  Pylon  
  51  5:42  Immortal (Chrono Boost)  
  51  6:10  Stalker x4  
  47  6:41  Zealot  
  47  6:42  Zealot x3  
  53  7:13  Stalker  
  53  7:14  Stalker x2, Zealot  
  61  7:18  Pylon  
  29  7:59  Stalker x3  
  29  8:00  Stalker  
  33  8:29  Immortal (Chrono Boost)  
  37  8:36  Nexus  
  37  8:42  Protoss Ground Weapons Level 1  
  41  9:03  Immortal (Chrono Boost)  
  41  9:09  Probe  
  42  9:21  Probe  
  43  9:33  Probe  
  43  9:37  Immortal (Chrono Boost)  
  48  9:46  Probe  
  49  10:01  Twilight Council  
  49  10:13  Probe  
  49  10:15  Probe  
  51  10:24  Probe  
  51  10:27  Probe  
  45  10:39  Probe  
  45  10:41  Probe  
  45  10:51  Probe  
  45  10:52  Probe  
  47  11:02  Probe  
  47  11:03  Probe  
  48  11:06  Immortal (Chrono Boost)  
  53  11:13  Probe  
  53  11:15  Probe  
  55  11:24  Probe  
  56  11:27  Probe  
  56  11:30  Assimilator  
  57  11:34  Probe  
  57  11:39  Probe  
  59  11:45  Probe  
  51  11:51  Probe  
  50  11:59  Zealot  
  50  12:00  Zealot  
  30  12:26  Stalker x2  
  34  12:53  Zealot x3  
  32  13:22  Stalker  
  32  13:25  Stalker  
  36  13:45  Stalker x2  
  42  14:03  Immortal (Chrono Boost)  
  42  14:10  Stalker  
  42  14:15  Stalker  
  44  14:37  Observer (Chrono Boost)  
  45  14:52  Stalker x3  
  49  14:56  Observer (Chrono Boost)  
  53  15:14  Observer (Chrono Boost)  
  53  15:17  Stalker x3  
  35  15:52  Stalker x2  
  35  15:53  Stalker x2, Zealot  
  45  16:18  Zealot  
  45  16:19  Zealot x3  
  53  17:06  Assimilator  
  53  17:09  Nexus  
  53  17:16  Probe  
  53  17:18  Probe  
  55  17:27  Probe  
  56  17:30  Probe  
  56  17:36  Pylon  
  57  17:37  Probe  
  57  17:42  Probe  
  59  17:46  Pylon  
  59  17:48  Probe  
  59  17:50  Pylon  
  60  17:54  Probe  
  61  18:01  Stargate, Probe  
  62  18:06  Mothership Core  
  38  18:43  Stalker, Zealot x3  
  38  18:44  Stalker  
  41  19:03  Probe x2  
  41  19:04  Probe  
  44  19:14  Probe x2  
  44  19:16  Probe  
  47  19:24  Probe x2  
  47  19:28  Probe  
  47  19:30  Fleet Beacon  
  50  19:35  Probe x2  
  52  19:41  Probe  
  52  19:43  Assimilator  
  53  19:47  Pylon  
  53  19:58  Assimilator  
  53  20:04  Pylon  
  53  20:09  Pylon  
  53  20:13  Mothership Core, Stalker x5  
  65  20:31  Immortal (Chrono Boost)  
  69  20:47  Pylon  
  69  20:49  Stalker  
  71  20:50  Stalker x3  
  71  20:54  Stalker  
  79  21:05  Immortal (Chrono Boost)  
  79  21:11  Gateway  
  83  21:13  Gateway  
  83  21:14  Gateway  
  83  21:18  Gateway  
  73  21:39  Immortal (Chrono Boost)  
  44  21:59  Stalker x4  
  47  22:02  Stalker  
Show
View Real Time Build Order
Export as new Build Order

demiportion Zerg 

Build Orders: Hatch First, Zergling Baneling 

Get SALT Encoding   

  12  0:02  Drone  
  13  0:12  Overlord  
  13  0:20  Drone  
  14  0:30  Drone  
  14  0:31  Drone  
  16  0:36  Drone  
  17  0:55  Hatchery  
  16  1:02  Extractor  
  15  1:12  Spawning Pool  
  15  1:14  Drone  
  15  1:17  Drone  
  16  1:21  Drone  
  17  1:28  Drone  
  18  1:36  Overlord  
  18  1:54  Drone  
  19  2:01  Queen  
  19  2:05  Metabolic Boost  
  19  2:07  Queen  
  23  2:10  Zergling x2  
  24  2:16  Drone  
  24  2:17  Drone  
  24  2:20  Drone  
  27  2:24  Drone  
  28  2:36  Drone  
  29  2:39  Drone  
  29  2:42  Queen  
  29  2:44  Drone  
  33  2:45  Drone  
  34  2:53  Drone  
  34  2:55  Drone  
  35  3:05  Overlord  
  35  3:06  Overlord  
  35  3:12  Zergling x2  
  36  3:13  Baneling Nest, Zergling x2  
  36  3:24  Zergling x12  
  42  3:29  Zergling x4  
  44  3:40  Overlord x2  
  44  3:53  Zergling x8  
  44  3:54  Zergling x8  
  41  4:04  Zergling x2  
  23  4:20  Zergling x6  
  23  4:21  Baneling x4  
  23  4:22  Baneling x4  
  26  4:25  Zergling x2  
  25  4:35  Queen  
  27  4:48  Drone x2  
  27  4:50  Drone  
  30  5:00  Drone x2  
  30  5:06  Drone  
  33  5:37  Drone  
  33  5:38  Drone x7  
  41  5:48  Drone x3  
  35  6:07  Drone x3  
  35  6:08  Drone  
  37  6:41  Extractor  
  37  6:45  Drone  
  37  6:46  Drone x5  
  42  6:47  Roach Warren  
  42  6:49  Extractor x2  
  39  7:00  Zergling x2  
  39  7:01  Zergling x12  
  45  7:05  Drone, Hatchery  
  46  7:13  Drone  
  46  7:15  Zergling x2  
  48  7:20  Lair  
  48  7:24  Drone  
  49  7:33  Zergling x2  
  49  7:34  Zergling x2  
  51  7:39  Baneling x6  
  45  8:03  Drone x5  
  45  8:04  Drone x2  
  50  8:17  Glial Reconstitution  
  50  8:30  Drone x7  
  50  8:31  Drone, Queen  
  60  8:36  Roach x3  
  60  8:38  Overlord x3  
  66  8:54  Overlord x6  
  66  9:01  Roach  
  68  9:05  Spire  
  67  9:11  Drone x7  
  67  9:12  Drone  
  67  9:14  Extractor, Roach x2  
  67  9:15  Roach  
  67  9:16  Extractor  
  79  9:26  Pneumatized Carapace  
  79  9:54  Roach  
  79  9:55  Roach x8  
  79  9:56  Roach x5  
  107  10:13  Zergling x2, Roach x4  
  107  10:14  Zergling x10  
  120  10:20  Ravager x3  
  120  10:21  Ravager x4, Overlord  
  128  10:22  Overlord  
  128  10:33  Corruptor  
  121  10:50  Spore Crawler  
  121  10:54  Corruptor x3  
  121  10:56  Zergling x4  
  121  10:57  Zergling x14  
  135  11:07  Evolution Chamber  
  135  11:08  Zergling x6, Spine Crawler  
  135  11:09  Zergling x4  
  138  11:11  Evolution Chamber  
  136  11:21  Roach  
  136  11:22  Roach x6  
  150  11:35  Corruptor  
  150  11:37  Overlord x2  
  150  11:38  Overlord x4  
  152  11:40  Zerg Missile Weapons Level 1  
  152  11:41  Zerg Ground Armor Level 1  
  118  12:09  Roach x7  
  118  12:10  Roach x7  
  118  12:11  Roach x2  
  123  12:22  Baneling  
  116  12:30  Roach x5  
  116  12:31  Roach  
  125  12:43  Roach  
  125  12:44  Roach x5  
  130  12:45  Roach  
  130  12:46  Roach  
  130  12:51  Ravager x3  
  143  13:02  Ravager  
  143  13:03  Ravager  
  126  13:26  Roach  
  126  13:27  Roach x8  
  130  13:28  Roach x6  
  147  13:38  Roach x4  
  143  13:42  Ravager  
  142  14:06  Roach x2  
  142  14:07  Roach x6  
  158  14:10  Ravager x3  
  158  14:14  Ravager  
  158  14:16  Drone x3  
  166  14:17  Drone  
  166  14:18  Hatchery  
  165  14:38  Overlord x4  
  159  14:39  Overlord x2  
  159  14:40  Overseer  
  159  14:43  Overseer  
  159  14:44  Overseer  
  159  14:46  Roach  
  159  14:52  Ravager x6  
  157  15:20  Roach  
  157  15:21  Roach x8  
  136  15:22  Roach x2  
  110  15:29  Zergling x2  
  110  15:30  Zergling x4  
  89  15:49  Extractor  
  86  15:52  Extractor  
  82  16:27  Zergling x2  
  82  16:29  Drone x7  
  90  16:33  Zerg Missile Weapons Level 2, Zerg Ground Armor Level 2  
  90  16:38  Infestation Pit  
  89  16:59  Corruptor x5  
  89  17:00  Corruptor x3  
  109  17:01  Roach x2  
  109  17:12  Ravager x7  
  109  17:13  Ravager x2  
  118  17:21  Zergling x2  
  118  17:22  Zergling x14  
  126  17:23  Zergling x2  
  127  17:40  Zergling x6  
  127  17:41  Zergling x2  
  127  17:42  Roach  
  133  17:57  Hatchery, Roach x5  
  142  17:59  Roach  
  142  18:01  Roach  
  142  18:04  Roach  
  148  18:12  Roach x3  
  154  18:14  Baneling x3  
  154  18:15  Baneling  
  154  18:22  Extractor  
  154  18:26  Extractor  
  140  18:31  Zergling x10  
  140  18:32  Zergling x6  
  148  18:41  Centrifical Hooks  
  135  18:52  Zergling x18  
  106  19:13  Drone x7  
  106  19:14  Drone  
  114  19:18  Queen  
  116  19:28  Zergling x14  
  116  19:29  Zergling x4  
  125  19:43  Zergling x8  
  125  19:44  Zergling x4  
  131  19:46  Baneling x5  
  131  19:47  Baneling x6  
  131  19:48  Baneling x6  
  131  20:03  Hive  
  131  20:11  Zerg Melee Weapons Level 1  
  131  20:14  Zerg Flyer Weapons Level 1  
  131  20:16  Roach x2  
  131  20:17  Roach x6  
  147  20:25  Overseer  
  147  20:26  Overseer  
  147  20:27  Overseer x2  
  147  20:28  Overlord x2  
  147  20:41  Roach x5  
  157  21:33  Ultralisk Cavern  
  157  21:35  Mutalisk x8  
  157  21:36  Mutalisk x7  
  157  21:37  Mutalisk x2  
  134  21:54  Zergling x8  
  134  21:55  Zergling x14  
Show
View Real Time Build Order
Export as new Build Order

booger Terran - Winner!

Build Orders:  

Get SALT Encoding   

  12  0:01  SCV  
  13  0:13  SCV  
  14  0:24  Supply Depot  
  14  0:25  SCV  
  15  0:30  Refinery  
  15  0:45  SCV  
  15  0:49  Barracks  
  16  1:00  Barracks  
  16  1:01  SCV  
  17  1:17  SCV  
  18  1:25  Barracks  
  18  1:29  SCV  
  19  1:38  Marine  
  20  1:40  Supply Depot  
  20  1:44  SCV  
  21  1:55  Refinery  
  21  1:58  Marine x2  
  23  2:06  Orbital Command  
  23  2:12  Marine  
  24  2:21  Marine, Supply Depot  
  25  2:23  Marine  
  26  2:33  SCV  
  27  2:45  Marine x3  
  30  2:54  SCV  
  30  2:55  Factory  
  31  3:03  Marine  
  32  3:15  Marine x2  
  34  3:20  Marine  
  35  3:33  Marine  
  36  3:38  Marine x2  
  36  3:39  Factory Tech Lab  
  38  3:51  Marine  
  39  4:07  Supply Depot x2  
  39  4:10  Supply Depot  
  39  4:14  Marine  
  39  4:16  Marine  
  39  4:18  Marine  
  39  4:20  Siege Tank  
  39  4:25  Starport  
  39  4:34  Marine  
  39  4:36  Marine  
  39  4:38  Barracks Tech Lab  
  41  4:57  Engineering Bay  
  41  5:12  Command Center  
  41  5:21  Barracks Reactor  
  41  5:22  Barracks Reactor  
  41  5:25  Medivac  
  41  5:26  Siege Tank  
  46  5:32  Armory  
  46  5:38  Terran Infantry Weapons Level 1  
  46  5:41  Stimpack  
  27  6:26  Marine x5  
  30  6:43  Siege Tank  
  30  6:44  Marine x3  
  36  6:53  Medivac  
  38  6:55  Marine  
  38  6:56  Marine  
  40  7:02  Marine  
  33  7:38  Marine x4  
  33  7:39  Marine  
  34  7:56  Marine x3  
  31  8:06  Marine x2  
  33  8:13  Siege Tank  
  33  8:14  Marine x3  
  39  8:20  Orbital Command  
  39  8:24  Marine x2  
  41  8:38  SCV  
  42  8:50  SCV  
  43  9:01  Terran Infantry Weapons Level 2  
  43  9:02  SCV  
  44  9:10  SCV  
  44  9:14  SCV  
  46  9:20  Terran Vehicle Weapons Level 1  
  46  9:22  SCV  
  47  9:26  SCV, Marine x2  
  47  9:27  Marine x2  
  52  9:34  SCV  
  53  9:38  SCV  
  53  9:41  Marine  
  53  9:44  Marine x3  
  58  9:46  SCV  
  58  9:50  SCV  
  60  9:54  Refinery  
  60  9:58  SCV  
  61  10:02  SCV  
  61  10:05  Marauder, Marine  
  65  10:07  Marine  
  65  10:10  SCV  
  70  10:14  SCV, Siege Tank  
  71  10:23  SCV  
  72  10:35  SCV  
  71  10:48  Marine  
  71  10:49  Marine x4  
  74  10:51  Siege Tank  
  77  11:05  Supply Depot  
  77  11:06  Marine  
  78  11:12  Marine x4  
  82  11:18  Medivac  
  82  11:23  Siege Tank  
  82  11:24  Marine  
  88  11:32  Supply Depot  
  88  11:48  Medivac  
  88  11:59  Marine x5  
  76  12:17  Marine x4  
  80  12:22  Marine  
  80  12:26  Medivac  
  83  12:34  Marine  
  83  12:35  Marine x3  
  87  12:40  Marine  
  87  12:52  Marine x2  
  87  12:53  Marine x2  
  87  12:56  Medivac  
  87  12:58  Marine  
  92  13:02  Combat Shields  
  93  13:10  Marine x3  
  93  13:11  Marine  
  97  13:16  Marine  
  84  13:28  Marine x3  
  83  13:38  Marine  
  83  13:39  Marine  
  85  13:46  Marine x3  
  88  13:56  Marine  
  88  13:57  Marine  
  90  14:04  Marine x3  
  90  14:07  Siege Tank  
  96  14:14  Marine x2  
  98  14:21  Marine  
  98  14:22  Marine x2  
  101  14:25  SCV  
  101  14:27  Refinery  
  102  14:32  Marine  
  102  14:33  Marauder  
  102  14:37  SCV  
  106  14:54  Marauder  
  106  14:55  Marine x2  
  110  15:02  Terran Infantry Weapons Level 3, Supply Depot  
  110  15:03  Terran Vehicle Weapons Level 2  
  110  15:05  Supply Depot  
  110  15:06  Supply Depot  
  110  15:14  Marine  
  110  15:17  Marine  
  110  15:18  Marine  
  110  15:19  Marine  
  107  15:32  Marine  
  107  15:35  Marine  
  89  15:48  Marine x3  
  89  15:49  Marine  
  92  15:50  Siege Tank  
  92  15:52  Medivac, Marine  
  92  15:56  Command Center  
  99  16:06  Marine x3  
  102  16:22  Medivac, Siege Tank  
  107  16:52  Medivac  
  109  17:16  Marine x4, Marauder  
  115  17:33  Marine  
  115  17:34  Marine x3  
  115  17:35  Liberator  
  119  17:37  Marauder  
  121  17:55  Marine x4  
  128  17:58  Marauder  
  130  18:12  Marine  
  130  18:18  Liberator  
  133  18:20  Marauder  
  132  18:40  Marine  
  132  18:41  Marine x3, Marauder  
  132  18:58  Marine x3  
  132  18:59  Marine  
  132  19:01  Liberator  
  132  19:02  Marine  
  107  19:15  Siege Tank  
  107  19:16  Marine x4  
  114  19:20  Marine  
  118  19:28  Refinery  
  118  19:32  Refinery  
  118  19:34  Marine x4  
  118  19:38  Marine, Barracks  
  123  19:39  Orbital Command  
  123  19:40  Barracks x2  
  123  19:44  Terran Infantry Armor Level 1  
  123  19:46  Terran Vehicle And Ship Armor Level 1  
  123  19:47  Siege Tank  
  123  19:52  Marine x4  
  130  19:55  Supply Depot, Marine  
  130  19:57  Supply Depot  
  130  19:58  Supply Depot  
  130  19:59  Supply Depot  
  131  20:00  Concussive Shells  
  131  20:17  SCV x3  
  134  20:30  Barracks Reactor  
  134  20:31  Barracks Reactor x2  
  134  20:33  Marine x4  
  134  20:34  Marine  
  139  20:36  Widow Mine  
  139  20:38  Medivac  
  143  20:51  Marine  
  143  20:52  Marauder  
  146  21:04  Widow Mine  
  146  21:06  Marine  
  146  21:07  Marine x8  
  146  21:08  Medivac  
  146  21:09  Marine  
  160  21:13  Marauder  
  162  21:24  Marine x3  
  165  21:33  Widow Mine  
  165  21:35  Marauder  
  165  21:37  Medivac  
  167  21:58  Marine x3  
  167  21:59  Marine x8  
Show
View Real Time Build Order
Export as new Build Order

THeTiGeR Zerg - Winner!

Build Orders: Pool First 

Get SALT Encoding   

  12  0:03  Drone  
  13  0:10  Drone  
  14  0:20  Drone, Extractor  
  14  0:28  Overlord  
  14  0:43  Spawning Pool  
  14  0:47  Drone  
  14  0:55  Overlord  
  14  1:02  Drone  
  15  1:31  Zergling x6  
  18  1:33  Queen  
  20  1:42  Drone  
  21  1:54  Zergling x2  
  22  2:04  Zergling x2  
  22  2:06  Metabolic Boost  
  23  2:14  Zergling x2  
  24  2:25  Zergling x2  
  25  2:34  Hatchery  
  25  2:36  Zergling x2  
  25  2:43  Zergling x2  
  25  2:44  Zergling x4  
  28  2:57  Zergling x2  
  29  3:20  Drone  
  30  3:35  Overlord x3  
  30  3:36  Overlord  
  28  4:01  Zergling x4  
  20  4:36  Zergling x6  
  23  4:51  Drone x3  
  26  4:53  Queen  
  26  4:59  Zergling x4  
  30  5:03  Lair  
  30  5:12  Roach Warren  
  29  5:16  Extractor  
  28  5:29  Evolution Chamber  
  28  5:30  Drone x4  
  31  5:42  Drone x4  
  35  5:51  Spore Crawler  
  35  5:52  Lair, Extractor  
  28  6:08  Zergling x12  
  32  6:22  Spine Crawler  
  32  6:23  Spine Crawler  
  26  6:44  Roach x2  
  28  7:34  Zergling x6  
  28  7:35  Zergling x6  
  26  8:11  Zergling x12  
  32  8:25  Zerg Missile Weapons Level 1  
  33  8:27  Drone  
  33  8:34  Drone x2  
  35  8:48  Glial Reconstitution  
  35  8:52  Drone x4  
  39  8:59  Hydralisk Den  
  38  9:15  Roach x6  
  38  9:16  Roach  
  52  9:29  Muscular Augments  
  52  9:32  Drone x4  
  52  9:36  Drone x2  
  58  9:46  Hatchery  
  58  9:49  Infestation Pit  
  56  9:55  Spine Crawler  
  56  9:57  Drone x2  
  57  10:07  Tunneling Claws, Extractor  
  56  10:18  Hydralisk x2  
  60  10:23  Overlord x2  
  60  10:26  Overseer  
  60  10:49  Hydralisk x4  
  62  10:50  Hydralisk  
  62  10:55  Zerg Ground Armor Level 1  
  70  11:14  Hive  
  70  11:23  Hydralisk x4  
  78  11:58  Hydralisk x2  
  82  12:01  Overlord  
  82  12:02  Overlord x2  
  74  12:24  Hydralisk x5  
  74  12:25  Hydralisk  
  86  12:33  Lurker Den  
  78  13:52  Hydralisk x7  
  78  13:53  Hydralisk x2  
  96  14:01  Zerg Ground Armor Level 2  
  96  14:05  Lurker  
  96  14:06  Lurker  
  96  14:08  Overlord x2  
  92  14:49  Hydralisk x3  
  92  14:50  Hydralisk x3  
  48  15:31  Hydralisk  
  48  15:32  Hydralisk x5  
  48  15:35  Lurker x3  
  61  15:36  Lurker x3  
  64  16:08  Hatchery  
  63  16:13  Ultralisk Cavern  
  63  16:17  Zerg Missile Weapons Level 2  
  62  17:31  Overlord  
  62  17:32  Overlord  
  62  17:50  Extractor x2  
  60  18:03  Drone x3  
  61  18:33  Zerg Ground Armor Level 3  
  51  19:18  Ultralisk x2  
  51  19:19  Ultralisk x4  
  87  19:32  Overseer  
  87  19:40  Drone x3  
  90  19:48  Lair  
  90  19:51  Hydralisk x4  
  98  20:14  Ultralisk  
  104  20:23  Overlord x3  
  104  20:42  Hydralisk x3  
  104  20:43  Hydralisk x2  
Tags
 
Add a new tag
Caveats
  • Supply blocks, unpowered buildings, or Contaminate may cause inaccurate times.
  • Supply counts are checked every 10 seconds.